 Dungeon Crawl Stone Soup version 0.28-a0-2-g643f2454ad (webtiles) character file.

Game seed: 2939987099568761608

44 Lusmu the Skirmisher (level 3, -3/29 HPs)
             Began as a Human Wanderer on July 22, 2021.
             Slain by Natasha (8 damage)
             ... on level 2 of the Dungeon.
             The game lasted 00:05:37 (1342 turns).

Lusmu the Skirmisher (Human Wanderer)               Turns: 1342, Time: 00:05:38

Health: -3/29      AC:  7    Str: 12    XL:     3   Next: 85%
Magic:  3/3        EV: 11    Int: 11    God:
Gold:   32         SH:  5    Dex: 14    Spells: 2/2 levels left

rFire   . . .      SeeInvis .   n - staff of poison
rCold   . . .      Faith    .   (no shield)
rNeg    . . .      Spirit   .   c - +0 robe
rPois   +          Reflect  +   (no helmet)
rElec   .          Harm     .   (no cloak)
rCorr   .          Rampage  .   k - +0 pair of gloves
Will    .....                   (no boots)
Stlth   ++........              l - amulet of reflection
HPRegen 0.09/turn               e - +4 ring of protection
MPRegen 0.08/turn               (no ring)

@: no status effects
A: no striking features
a: no special abilities


You were on level 2 of the Dungeon.
You visited 1 branch of the dungeon, and saw 2 of its levels.

You collected 32 gold pieces.

Inventory:

Hand Weapons
 a - a +2 quarterstaff
 d - a +0 dagger
Armour
 c - a +0 robe (worn)
 k - a +0 pair of gloves (worn)
Magical Staves
 n - a staff of poison (weapon)
Jewellery
 e - a +4 ring of protection (left hand)
 l - an amulet of reflection (around neck)
Scrolls
 f - a scroll of summoning {unknown}
 g - 2 scrolls of teleportation {unknown}
 h - a scroll of fear {unknown}
 i - a scroll of magic mapping {unknown}
 j - a scroll of holy word {unknown}
 m - a scroll of identify {unknown}
Potions
 b - 2 potions of curing
 o - a potion of ambrosia {unknown}


   Skills:
 + Level 3.5 Fighting
 + Level 2.7 Staves
 + Level 2.8 Stealth
 - Level 1.0 Shields
 - Level 2.0 Unarmed Combat


You had 2 spell levels left.
You didn't know any spells.
Your spell library contained the following spells:

 Spells                   Type           Power      Damage    Failure   Level
 Animate Skeleton         Necr           0%         N/A       34%         1
 Pain                     Necr           0%         1d4       34%         1
 Vampiric Draining        Necr           0%         2d6       71%         3


Dungeon Overview and Level Annotations

Branches:
Dungeon (2/15)

Altars:

Shops:
D:1 [

Annotations:
D:2 Natasha


Message History

Natasha, Servant of Life and Death comes into view.
Natasha hisses angrily.
The goblin shouts!
Found 5 large rocks.
The goblin hits you with a +0 club.
Natasha casts a spell.
You hit the goblin.
The goblin is moderately wounded.
The goblin hits you but does no damage.
You hit the goblin.
The goblin is heavily wounded.
Natasha casts a spell.
The goblin closely misses you. The shadow imp hits you.
You miss the goblin.
The goblin is heavily wounded.
Natasha howls an incantation.
You feel troubled. The goblin closely misses you.
The shadow imp barely misses you.
You hit the goblin.
You kill the goblin!
The shadow imp barely misses you. Natasha claws you but does no damage.
You hit Natasha.
Natasha is lightly wounded.
The shadow imp hits you. Natasha claws you but does no damage.
The crimson imp blinks!
You hit Natasha.
Natasha is moderately wounded.
You block the shadow imp's attack. Natasha claws you!
The crimson imp blinks!
You barely miss Natasha.
Natasha is moderately wounded.
You block the shadow imp's attack. You block Natasha's attack.
You hit Natasha.
Natasha is heavily wounded.
The shadow imp misses you. Natasha claws you but does no damage.
You hit Natasha.
Natasha is heavily wounded.
The shadow imp gestures at you. Pain shoots through your body!
* * * LOW HITPOINT WARNING * * *
Natasha claws you!
You die...

##### ..... ......
......### ########
.(....5.#########.......
....5.h@...............>
#######..#######........
##.# #........ #.#
#........ #.. #....†...
#... #.####### #...
#........ #......
#........ #......
#........


You could see Natasha, a crimson imp (summoned) and a shadow imp (summoned).

Vanquished Creatures
  An adder (D:2)
  A dart slug (D:1)
  4 ball pythons
  2 endoplasms
  A giant cockroach (D:1)
  3 goblins
  2 hobgoblins (D:2)
  4 jackals (D:1)
  4 kobolds
  A quokka (D:1)
  3 bats
  4 rats (D:1)
30 creatures vanquished.

Vanquished Creatures (others)
  7 plants (D:1)
7 creatures vanquished.

Grand Total: 37 creatures vanquished

Notes
Turn   | Place    | Note
-------+----------+-------------------------------------------
     0 | D:1      | Lusmu the Human Wanderer began the quest for the Orb.
     0 | D:1      | Lusmu set off with the following items: a +2 quarterstaff,
                  | 2 potions of curing, a +0 robe, a +0 dagger
     0 | D:1      | Reached XP level 1. HP: 18/18 MP: 1/1
    97 | D:1      | Found Rekan's Antique Armour Boutique.
   190 | D:1      | Reached XP level 2. HP: 23/24 MP: 2/2
   777 | D:1      | Reached XP level 3. HP: 15/29 MP: 3/3
  1332 | D:2      | Noticed Natasha
  1342 | D:2      | Slain by Natasha

Illustrated notes

Levels and vault maps discovered:
D:1:      doesnt_arrival_eight_statues, layout_loops_ring, serial_shops, shop,
          serial_glass, glass_columns_a, glass_columns_b, glass_columns_a,
          glass_columns_a, glass_columns_b, due_unseen_surprise,
          minmay_strange_pillars, item_on_display_a, minmay_strange_pillars,
          serial_bayou_lagoon_a, corexii_corridor_pit, grunt_decor_mini_mirrors
D:2:      layout_basic, chequers_ecumenical_altar_twisty,
          kennysheep_cluttered_room, uniq_natasha

Action                   || total
-------------------------++-------
Melee: Quarterstaff      ||    59
       Staff             ||    22
 Stab: Sleeping          ||     2
Armor: Robe              ||    20
Dodge: Dodged            ||    41
Block: Other             ||     5

Table legend: (Time is in decaauts)
 A = Elapsed time spent in this place.
 B = Non-inter-level travel time spent in this place.
 C = Inter-level travel time spent in this place.
 D = Time resting spent in this place.
 E = Time spent auto-exploring this place.
 F = Levels seen in this place.
 G = Mean time per level.
                   A        B        C        D        E       F      G
               +--------+--------+--------+--------+--------+-----+--------+
         Total |   1357 |   1318 |     39 |    148 |    872 |   2 |  678.5 |
       Dungeon |   1357 |   1318 |     39 |    148 |    872 |   2 |  678.5 |
               +--------+--------+--------+--------+--------+-----+--------+

Top non-repeatable levels by time:
     D:1: 1095 daAuts
     D:2: 262 daAuts
